 Dungeon Crawl Stone Soup version 0.25-a0-413-g3b4b6a4ccc (webtiles) character file.

Game seed: 9581358580746949606, levelgen mode: deterministic

714 Knytlr the Destroyer (level 7, -5/36 HPs)
             Began as a Tengu Conjurer on Jan 15, 2020.
             Was a Follower of Vehumet.
             Slain by an ice beast (11 damage)
             ... on level 5 of the Dungeon.
             The game lasted 00:31:46 (5595 turns).

Knytlr the Destroyer (Tengu Conjurer)               Turns: 5595, Time: 00:31:47

Health: -5/36      AC:  3    Str: 13    XL:     7   Next: 69%
Magic:  14/15      EV: 13    Int: 17    God:    Vehumet [*.....]
Gold:   269        SH:  0    Dex: 14    Spells: 11/15 levels left

rFire    . . .     SeeInvis .   i - +0 dagger (venom)
rCold    . . .     Gourm    .   (no shield)
rNeg     . . .     Faith    +   a - +1 robe
rPois    +         Spirit   .   (helmet restricted)
rElec    .         Reflect  .   (no cloak)
rCorr    .         Harm     .   (no gloves)
MR       .....                  (boots unavailable)
Stlth    ++........             j - amulet of faith
HPRegen  0.12/turn              q - ring of poison resistance
MPRegen  0.14/turn              g - +4 ring of strength

@: no status effects
A: beak, talons 3, able to fly
a: Fly, Renounce Religion


You were on level 5 of the Dungeon.
You worshipped Vehumet.
Vehumet was aware of your devotion.
You were very hungry.

You visited 2 branches of the dungeon, and saw 6 of its levels.

You collected 269 gold pieces.

Inventory:

Hand Weapons
 i - a +0 dagger of venom (weapon)
Missiles
 h - 4 javelins (quivered)
Armour
 a - a +1 robe (worn)
Jewellery
 b - an uncursed amulet of regeneration
 g - a +4 ring of strength (right hand)
 j - an amulet of faith (around neck)
 k - an uncursed ring of protection from cold
 q - a ring of poison resistance (left hand)
Scrolls
 e - a scroll of identify
 l - a scroll of remove curse
Potions
 d - a potion of magic
 p - 2 potions of curing
 s - a potion of resistance
Comestibles
 c - 8 rations


   Skills:
 + Level 3.2 Dodging
 + Level 3.4 Stealth
 + Level 4.9 Spellcasting
 + Level 8.8 Conjurations
 + Level 0.7 Ice Magic


You had 11 spell levels left.
You knew the following spells:

 Your Spells              Type           Power        Failure   Level  Hunger
a - Magic Dart            Conj           ####         1%          1    None
b - Searing Ray           Conj           ####..       1%          2    #......
c - Freeze                Ice            #...         11%         1    None

Your spell library contained the following spells:

 Spells                   Type           Power        Failure   Level  Hunger
 Dazzling Flash           Conj/Hex       ###...       7%          3    ###....
 Fulminant Prism          Conj/Hex       ###.......   24%         4    ####...
 Iskenderun's Mystic Bla  Conj/Tloc      ###.....     24%         4    ####...


Dungeon Overview and Level Annotations

Branches:
Dungeon (5/15)             Temple (1/1) D:4

Altars:
Ashenzari
Cheibriados
Dithmenos
Elyvilon
Fedhas
Gozag
Hepliaklqana
Kikubaaqudgha
Makhleb
Nemelex Xobeh
Okawaru
Qazlal
Sif Muna
Trog
Uskayaw
Vehumet
Wu Jian
Xom
Yredelemnul
Zin
The Shining One

Shops:
D:4 }


Innate Abilities, Weirdness & Mutations

You have a beak for a mouth.
You have claws for feet.
You can fly continuously.


Message History

You freeze the ice beast but do no damage.
The ice beast hits you. The ice beast freezes you!
Casting: Freeze (safe; 11% risk of failure)
Confirm with . or Enter, or press ? or * to list all spells.
Aiming: Searing Ray (safe; 1% risk of failure)
Press: ? - help, Shift-Dir - straight line, f/p - ice beast
Aim: an ice beast (severely wounded)
Okay, then.
The ice beast hits you. The ice beast freezes you. The ice beast hits you.
The ice beast freezes you.
* * * LOW HITPOINT WARNING * * *
The ice beast closely misses you. The ice beast misses you.
The ice beast closely misses you.
You are feeling very hungry.
A centaur comes into view.
The ice beast hits you.
* * * LOW HITPOINT WARNING * * *
The ice beast freezes you!
You die...

..[.)#...........................
.....##....................>..
.....#.................. .
.#..................c... #
###..................... ##
##=.................# ##.
####.................##. #..
...............Y........ ###..
..##............@....... .....
...##................... .....
....#.......###......... ..[..
....##..##### ##........ .....
.....#..# #........ .....
.....#..# #........ #....
..####### ...#..... ###.. ###
...##.... ##. #.


You could see an ice beast and a centaur (sleeping).

Vanquished Creatures
  2 sky beasts
  An ogre (D:3)
  A hound (D:4)
  2 orc wizards (D:4)
  An iguana (D:4)
  Terence (D:3)
  6 worker ants
  5 adders
  A shadow imp (D:5)
  An adder zombie (D:4)
  An ooze (D:1)
  3 adder skeletons (D:4)
  A worm (D:3)
  A dart slug (D:1)
  2 leopard geckos
  12 orcs
  3 giant cockroaches (D:4)
  6 goblins
  7 hobgoblins
  4 jackals (D:3)
  6 kobolds
  2 quokkas
  A ball python (D:1)
  8 bats
  3 frilled lizards
  A jackal skeleton (D:5)
  4 rats
86 creatures vanquished.

Notes
Turn   | Place    | Note
-------+----------+-------------------------------------------
     0 | D:1      | Knytlr the Tengu Conjurer began the quest for the Orb.
     0 | D:1      | Reached XP level 1. HP: 10/10 MP: 4/4
   171 | D:1      | Reached XP level 2. HP: 15/15 MP: 0/6
   232 | D:1      | Learned a level 2 spell: Searing Ray
   247 | D:1      | Reached skill level 6 in Conjurations
   536 | D:1      | Reached XP level 3. HP: 19/19 MP: 4/7
  1938 | D:3      | Reached XP level 4. HP: 24/24 MP: 4/8
  2027 | D:3      | Noticed Terence
  2210 | D:3      | Killed Terence
  2342 | D:3      | Found a faded altar of an unknown god.
  2786 | D:3      | Reached skill level 7 in Conjurations
  2996 | D:4      | Gained mutation: You can fly continuously. [Tengu growth]
  2996 | D:4      | Reached XP level 5. HP: 28/28 MP: 1/10
  3017 | D:4      | Noticed a sky beast
  3198 | D:4      | Noticed an ogre
  3244 | D:3      | Killed an ogre
  3244 | D:3      | Reached XP level 6. HP: 21/32 MP: 2/11
  3336 | D:4      | Found Ontoos's Gadget Boutique.
  3376 | D:4      | Found a staircase to the Ecumenical Temple.
  3385 | Temple   | Entered the Ecumenical Temple
  3504 | Temple   | Became a worshipper of Vehumet
  3961 | D:4      | Killed a sky beast
  3961 | D:4      | Reached skill level 8 in Conjurations
  4315 | D:4      | Reached XP level 7. HP: 36/36 MP: 4/14
  4990 | D:5      | Entered Level 5 of the Dungeon
  5246 | D:5      | Reached * piety under Vehumet
  5246 | D:5      | Offered knowledge of Freeze by Vehumet.
  5286 | D:5      | Learned a level 1 spell: Freeze
  5595 | D:5      | Slain by an ice beast

Levels and vault maps discovered:
D:1:      dpeg_arrival_simpleton_c, layout_basic
D:2:      layout_rooms, first_ration
D:3:      layout_basic, chequers_ecumenical_altar_lobes, dk_vineyard_3,
          serial_park_tiny_pond, st_stairs_13, chequers_serial_rivers_micro_d,
          uniq_terence
D:4:      cheibrodos_barr_body, layout_basic, minmay_temple_entry_glass,
          serial_shops, kennysheep_mini, kennysheep_potato
D:5:      kennysheep_spiral_hall, layout_layer_cave
Temple:   kilobyte_greek_temple

Skill      XL: |  1  2  3  4  5  6 |
---------------+-------------------+-----
Conjurations   | 6 7 8 |  8.8
Spellcasting   | 3 4 |  4.9
Stealth        | 3 |  3.4
Dodging        | 3 |  3.2
Ice Magic      | |  0.7

Action                   |  1- 3 |  4- 6 |  7- 9 || total
-------------------------+-------+-------+-------++-------
Melee: Unarmed           |       |     8 |       ||     8
       Kick              |       |     4 |       ||     4
       Peck              |       |     3 |       ||     3
 Cast: Magic Dart        |    63 |    88 |    50 ||   201
       Searing Ray       |       |    12 |     9 ||    21
       Freeze            |       |       |     7 ||     7
  Use: Scroll            |     4 |     9 |     4 ||    17
       Potion            |       |       |     1 ||     1
  Eat: Ration            |     1 |     2 |       ||     3
       Chunk             |     1 |     1 |     3 ||     5
Armor: Robe              |       |     3 |     2 ||     5
Dodge: Dodged            |     3 |    18 |    15 ||    36

Table legend:
 A = Non-vault XP
 B = Vault XP
 C = Vault XP percentage of total XP
 D = Non-vault monster count
 E = Vault monster count
 F = Vault count percentage of total count
                 A         B        C        D         E       F
            +---------+---------+-------+---------+---------+-------
      Total |     911 |     110 |  10.8 |      74 |      12 |  14.0
            +---------+---------+-------+---------+---------+-------
        D:1 |      44 |       0 |   0.0 |      22 |       0 |   0.0
        D:2 |      14 |       0 |   0.0 |       8 |       0 |   0.0
        D:3 |     162 |      50 |  23.6 |      16 |       2 |  11.1
        D:4 |     407 |      57 |  12.3 |      21 |       9 |  30.0
        D:5 |     284 |       3 |   1.0 |       7 |       1 |  12.5
            +---------+---------+-------+---------+---------+-------
